[Event "Late-Titled-Tuesday-Blitz-March-05-2024"]
[Site "Chess.com"]
[Date "2024.03.05"]
[Round "11"]
[White "nindjaxx8"]
[Black "Nouali_Mohamed"]
[Result "1-0"]
[WhiteElo "2710"]
[BlackElo "2553"]
[TimeControl "180+1"]
[EndTime "16:03:33 PST"]
[Termination "nindjaxx8 won on time"]

1. d4 Nf6 2. c4 g6 3. Nc3 Bg7 4.
e4 O-O 5. Be2 d6 6. Be3 Nbd7 7.
Nf3 e5 8. O-O exd4 9. Bxd4 Re8 10. Qc2 c6 11. Rad1 Qc7 12. Rfe1 a5 13. Bf1 Ne5 14. Nxe5 dxe5 15. Bc5 Bf8 16. Bxf8 Kxf8 17. c5 Be6 18. Rd6 Red8 19. Red1 Ne8 20. R6d2 Rxd2 21. Qxd2 a4 22. Qh6+ Kg8 23. Qg5 f6 24. Qe3 a3 25. b4 Rd8 26. Rd2 Rxd2 27. Qxd2 Qd7 28. Qxd7 Bxd7 29. Bc4+ Kf8 30. Nb1 Nc7 31. Nxa3 Be6 32.
Bxe6 Nxe6 33. Nc4 Ke7 34. Nd6 Nd8 35. Kf1 Kd7 36. Ke2 b6 37. Kd3 Ne6 38. Kc4 b5+ 39.
Kd3 Nf4+ 40. Kc3 Nxg2 41. Kb3 Ne1 42. a4 Nd3 43. axb5 cxb5 44. Nxb5 Nxf2 45. Kc4 Nxe4 46. Kd5 f5 47. c6+ Kd8 48. Kxe5 Ng5 49. Kd6 Nf7+ 50. Kc5 f4 51. Kb6 Ne5 52. c7+ Kd7 53. Kb7 1-0

[Event "Late-Titled-Tuesday-Blitz-March-05-2024"]
[Site "Chess.com"]
[Date "2024.03.05"]
[Round "11"]
[White "FMOlexandrProhorov"]
[Black "ZachHKL"]
[Result "0-1"]
[WhiteElo "2326"]
[BlackElo "2148"]
[TimeControl "180+1"]
[EndTime "16:03:37 PST"]
[Termination "ZachHKL won by resignation"]

1. d4 Nf6 2. c4 e6 3. Nc3 c5 4. Nf3 d6 5. g3 Be7 6. Bg2 O-O 7. O-O Nbd7 8. b3 a6 9. Bb2 Rb8 10. a4 Re8 11. e4 cxd4 12. Nxd4 a5 13. f4 Qb6 14. Kh1 Nc5 15. Ndb5 Rd8 16. Qc2 Na6 17.
Rad1 Nd7 18. Qe2 Ndc5 19. f5 Nxb3 20. Qg4 exf5 21. exf5 Bf8 22. Nd5 Qc5 23. Rd3 Nb4 24. Rxb3 Nxd5 25. Bxd5 Qb6 26. Nd4 Qc7 27. Rbf3 Qc5 28.
Qh5 Qc7 29. f6 g6 30. Qh4 Bd7 31. Nf5 Bxf5 32. Rxf5 gxf5 33. Qg5+ Kh8 34. Qxf5 Qd7 35. Qf4 Re8 36. Bc1 Qh3 37. Bg2 Qh5 38. Qf2 Re2 39. Qa7 Rbe8 40. Qxb7 Re1 41. Kg1 Rxf1+ 42. Bxf1 Qd1 43. Bf4 Qd4+ 44. Kg2 Qe4+ 45. Kh3 Qxb7 46. g4 Qd7 47. Bg2 Qxa4 48. Bd5 Qb3+ 49. Kh4 Re6 50.
Bxe6 fxe6 51. f7 Qd3 52. Bg5 Qg6 53. Bf6+ Qxf6+ 54. g5 Qxf7 55. Kg4 Qg6 56. h4 Be7 57. h5 Qxg5+ 58. Kf3 Qf5+ 0-1

[Event "Late-Titled-Tuesday-Blitz-March-05-2024"]
[Site "Chess.com"]
[Date "2024.03.05"]
[Round "11"]
[White "thesupera12"]
[Black "DraningWaterHi"]
[Result "1-0"]
[WhiteElo "2484"]
[BlackElo "2217"]
[TimeControl "180+1"]
[EndTime "16:03:38 PST"]
[Termination "thesupera12 won by checkmate"]

1. e4 c5 2. Nf3 d6 3. Bb5+ Bd7 4. Bxd7+ Qxd7 5. O-O Nc6 6. Re1 Nf6 7. e5 dxe5 8.
Nxe5 Nxe5 9. Rxe5 e6 10. Nc3 Bd6 11. Re2 O-O 12. d3 Nd5 13. Ne4 Be7 14. Be3 Nxe3 15.
Rxe3 b6 16. Qe2 Rae8 17. Re1 Bd8 18. h3 f5 19. Nc3 Rf6 20. Qf3 Rg6 21. Nd5 Bg5 22.
Nf4 Rh6 23. R3e2 Qd6 24. Re5 Re7 25. g3 Bxf4 26. Qxf4 Rxh3 27. Rxf5 Qxf4 28. Rxf4 Rh6 29. Kg2 Rf6 30. Rfe4 Kf7 31. R1e2 Rd7 32. a4 Ke7 33. a5 Kd6 34. axb6 axb6 35. Ra4 Kc6 36. Ra8 Re7 37. Rh8 h6 38. f4 Rg6 39. Rf8 Kb5 40.
Kf3 Rf6 41. Rxf6 gxf6 42. Kg4 Rg7+ 43. Kh4 Re7 44. Kh5 Rg7 45. Re3 e5 46. fxe5 fxe5 47. Kxh6 Rg8 48. Kh5 Kc6 49. g4 Kd5 50. g5 b5 51. g6 Ke6 52. Kh6 Rh8+ 53. Kg7 Rh1 54. Re2 Rg1 55. c3 Kf5 56. Kf7 c4 57. dxc4 bxc4 58.
g7 Rxg7+ 59. Kxg7 e4 60. Kf7 Kf4 61. Ke6 e3 62. Kd5 Kf3 63. Rxe3+ Kxe3 64. Kxc4 Kd2 65. b4 Kc2 66. b5 Kb1 67. b6 Ka1 68. b7 Ka2 69.
b8=Q Ka1 70. Kd4 Ka2 71. c4 Ka1 72. c5 Ka2 73. c6 Ka1 74. c7 Ka2 75. c8=N Ka1 76. Kc3 Ka2 77. Ne7 Ka3 78. Ng6 Ka4 79. Qb4# 1-0

[Event "Late-Titled-Tuesday-Blitz-March-05-2024"]
[Site "Chess.com"]
[Date "2024.03.05"]
[Round "11"]
[White "Igor_Lysyj"]
[Black "Zadar321"]
[Result "1/2-1/2"]
[WhiteElo "2835"]
[BlackElo "2570"]
[TimeControl "180+1"]
[EndTime "16:03:39 PST"]
[Termination "Game drawn - insufficient material"]

1. d4 Nf6 2. c4 Nc6 3. Nf3 e6 4. g3 d5 5. Bg2 dxc4 6. Qa4 Bb4+ 7.
Bd2 Nd5 8. Bxb4 Nxb4 9. Ne5 O-O 10.
Nxc6 Nxc6 11. e3 e5 12. d5 Ne7 13. Qxc4 c6 14. dxc6 Qb6 15. O-O Qxb2 16. cxb7 Bxb7 17.
Qb3 Qxb3 18. axb3 Bxg2 19. Kxg2 Rfd8 20. Na3 Rd3 21. Rfb1 h5 22. Nc4 f6 23. Ra6 Kf8 24. Na5 h4 25. Rc1 hxg3 26. hxg3 Rc8 27. Rh1 Rc7 28. Rh8+ Kf7 29. Ra8 Nf5 30. R6xa7 Rxa7 31. Rxa7+ Kg6 32. g4 Nd6 33. Rd7 Rd2 34. Nb7 Ne4 35.
Rxd2 Nxd2 36. b4 Kf7 37. b5 Ke7 38. Nc5 Nc4 39. Ne4 Kd7 40. Ng3 g6 41. Kf3 Ke6 42.
Ne4 f5 43. Nc3 Kd6 44. Na4 Kd5 45. Nc3+ Kc5 46. gxf5 gxf5 47. Kg3 Kb4 48. Nd5+ Kxb5 49. Ne7 Nd6 50. Kh4 Kc5 51. Kg5 Ne4+ 52. Kxf5 Nxf2 53.
Kxe5 Nd1 54. e4 Nc3 55. Kf5 Nxe4 1/2-1/2

[Event "Late-Titled-Tuesday-Blitz-March-05-2024"]
[Site "Chess.com"]
[Date "2024.03.05"]
[Round "11"]
[White "JSPrepz"]
[Black "Malev212"]
[Result "1-0"]
[WhiteElo "2857"]
[BlackElo "2653"]
[TimeControl "180+1"]
[EndTime "16:03:41 PST"]
[Termination "JSPrepz won on time"]

1. e4 c5 2. Nf3 d6 3. Nc3 g6 4.
d4 cxd4 5. Qxd4 Nf6 6. e5 Nc6 7. Bb5 dxe5 8. Qxd8+ Kxd8 9. Bxc6 bxc6 10. Nxe5 Ke8 11.
O-O Bb7 12. Re1 Nd5 13. Ne4 f6 14. Nxg6 hxg6 15. Nd6+ Kd7 16. Nxb7 e5 17. c4 Nb4 18.
Na5 Kc7 19. Rd1 Rb8 20. Nb3 a5 21. Be3 Nc2 22. Rab1 Nxe3 23. fxe3 a4 24. Nd2 Bc5 25. Nf1 f5 26. Kh1 Rh4 27. b3 e4 28. g3 Rh7 29.
bxa4 Ra8 30. Rb2 Rxa4 31. Rc2 Kc8 32. Kg2 Rha7 33. Rdd2 Ra3 34. Re2 Rd3 35. h3 Raa3 36. Kf2 Kd7 37. h4 Ke6 38. Rb2 Rdc3 39. Rb8 Rxc4 40.
Rc8 Bb6 41. Rb8 Ba7 42. Rg8 Kf7 43. Rc8 Rcc3 44. Rc7+ Kf6 45. Rc8 Bb6 46. Rb2 Bxe3+ 47. Nxe3 Rxe3 48. Rxc6+ Ke5 49. Rb5+ Kd4 50. Rb4+ Kd5 51.
Rc2 Rf3+ 52. Ke2 Rxg3 53. Rb5+ Kd4 54. Kf2 1-0

[Event "Late-Titled-Tuesday-Blitz-March-05-2024"]
[Site "Chess.com"]
[Date "2024.03.05"]
[Round "11"]
[White "KetiTsatsalashvili"]
[Black "maximnovik"]
[Result "1-0"]
[WhiteElo "2504"]
[BlackElo "2595"]
[TimeControl "180+1"]
[EndTime "16:03:43 PST"]
[Termination "KetiTsatsalashvili won on time"]

1. d4 Nf6 2. Nf3 g6 3. c4 Bg7 4. Nc3 d5 5. cxd5 Nxd5 6. e4 Nxc3 7. bxc3 c5 8. Be2 Nc6 9. Be3 Bg4 10. e5 Be6 11.
O-O O-O 12. Qd2 Bd5 13. Rab1 Qd7 14. Rfd1 cxd4 15. cxd4 Rfc8 16. Bh6 Rc7 17. Bxg7 Kxg7 18. h3 Rd8 19. a3 Bxf3 20. Bxf3 Nxd4 21. Qe3 b5 22.
Bg4 e6 23. Kh1 Rc4 24. Be2 Rc5 25. Rb4 Rd5 26. Rdb1 Nc2 27. Qf4 Nxb4 28. Qf6+ Kg8 29. Rxb4 a6 30. h4 Qc7 31. Re4 Rd4 32. Re3 R8d7 33.
g3 Qd8 34. Qf3 h5 35. Kh2 R7d5 36. Bf1 Rd2 37. Bg2 Rc5 38. Qf4 Rcc2 39. Rf3 Qe7 40. Bf1 Qa7 41. Kg2 Qe7 42. Bd3 Rc1 43. Qxd2 Qc7 44.
Qf4 Rc3 45. Qe4 Rxa3 46. Qa8+ Kg7 47. Qe4 Ra4 48. Qe3 Qd7 49. Be2 Qd4 50. Qxd4 Rxd4 51.
Ra3 Rd5 52. f4 Rd2 53. Kf2 b4 54. Rxa6 b3 55. Rb6 b2 56. Ke3 Rc2 57. Kd3 1-0

[Event "Late-Titled-Tuesday-Blitz-March-05-2024"]
[Site "Chess.com"]
[Date "2024.03.05"]
[Round "11"]
[White "DonJuan_34"]
[Black "sotochess"]
[Result "0-1"]
[WhiteElo "2476"]
[BlackElo "2587"]
[TimeControl "180+1"]
[EndTime "16:03:43 PST"]
[Termination "sotochess won by checkmate"]

1. d4 d5 2. c4 c6 3. Nc3 Nf6 4. Nf3 dxc4 5. e4 b5 6. e5 Nd5 7. Ng5 f6 8. exf6 exf6 9. Nge4 Bb4 10.
Qh5+ g6 11. Qh4 O-O 12. Be2 Be7 13. O-O a6 14. a4 Bb7 15. Bf3 f5 16. Ng5 Bxg5 17.
Bxg5 Qd7 18. Nxd5 cxd5 19. Rfe1 Nc6 20. Be7 Rfe8 21. Bc5 bxa4 22. Qf6 Na5 23. Re7 Rxe7 24. Bxe7 Re8 25. Bb4 Nb3 26. Re1 Rxe1+ 27. Bxe1 Qf7 28. Qd8+ Kg7 29. Bb4 h6 30. h4 Kh7 31. Bd6 Nxd4 32.
Be5 Nxf3+ 33. gxf3 g5 34. Qh8+ Kg6 35. hxg5 Kxg5 36.
f4+ Kh5 37. Kf1 a3 38. bxa3 Bc6 39. Bc3 Bb5 40. Qe5 Qd7 41. Qe3 d4 42. Bxd4 c3+ 43. Kg1 c2 44. Qh3+ Kg6 45. Qg3+ Kh7 46. Qc3 Ba4 47.
Be3 Qd1+ 48. Kg2 Qg4+ 49. Kh2 Qh4+ 50. Kg2 Qg4+ 51. Kh2 Qh5+ 52. Kg3 Qg6+ 53. Kh2 Bc6 54. Bc1 Qg2# 0-1

[Event "Late-Titled-Tuesday-Blitz-March-05-2024"]
[Site "Chess.com"]
[Date "2024.03.05"]
[Round "11"]
[White "AccioChess"]
[Black "GlavkonVVS"]
[Result "1-0"]
[WhiteElo "2426"]
[BlackElo "2530"]
[TimeControl "180+1"]
[EndTime "16:03:46 PST"]
[Termination "AccioChess won on time"]

1. e4 Nf6 2. e5 Nd5 3. d4 d6 4. Nf3 Bg4 5. Bc4 dxe5 6. dxe5 e6 7. h3 Bh5 8. O-O Be7 9. Nbd2 Nd7 10. Re1 O-O 11. Bxd5 exd5 12. Nf1 Nc5 13. Ng3 Bg6 14. Nd4 Ne6 15. f4 Bc5 16. c3 Qh4 17. Qg4 Qxg4 18. hxg4 Nxd4 19. cxd4 Bxd4+ 20. Be3 Bxe3+ 21. Rxe3 f6 22. f5 Be8 23. e6 c5 24. Rc1 b6 25. b4 Rc8 26. Rec3 d4 27. Ra3 Rc7 28. bxc5 bxc5 29.
Ne4 c4 30. Rd3 h5 31. Rxd4 hxg4 32. Rdxc4 Rxc4 33. Rxc4 Bb5 34. Rc7 Ra8 35. Nd6 Ba4 36. Kf2 Rd8 37. Rxa7 Rxd6 38. Rxa4 Kf8 39. Ra8+ Ke7 40.
Ra7+ Kf8 41. Kg3 Rd4 42. a4 Re4 43. a5 g6 44. Rf7+ Kg8 45. Rxf6 gxf5 46. Rxf5 Rxe6 47. Kxg4 Re4+ 48. Kh5 Ra4 49. g4 Kg7 50. Kg5 Ra1 51.
Rb5 Ra4 52. Rb7+ Kf8 53. Ra7 Ra1 54. Kf5 Rf1+ 55. Kg6 Ra1 56. Ra8+ Ke7 57. g5 Rg1 58. Kh6 Rh1+ 59. Kg7 Ra1 60. g6 Rg1 61. Ra6 Kd7 62.
Kg8 Kc7 63. g7 Rg5 64. Rf6 Rxa5 65. Kf7 Ra8 66. g8=Q Rxg8 67. Kxg8 1-0

[Event "Late-Titled-Tuesday-Blitz-March-05-2024"]
[Site "Chess.com"]
[Date "2024.03.05"]
[Round "11"]
[White "flubs"]
[Black "bazar-wokzal"]
[Result "1-0"]
[WhiteElo "2470"]
[BlackElo "2547"]
[TimeControl "180+1"]
[EndTime "16:03:48 PST"]
[Termination "flubs won on time"]

1. c4 e5 2. Nc3 Nf6 3. f4 exf4 4. d4 g5 5. e4 Bb4 6. Bd3 d6 7. Nf3 h6 8. O-O Bxc3 9. bxc3 Bg4 10. Rb1 b6 11.
Qa4+ Qd7 12. Qc2 Bxf3 13. Rxf3 Nc6 14. Bd2 Ne7 15. Rff1 c5 16. Rbe1 O-O-O 17. e5 dxe5 18.
d5 Qd6 19. Re2 Nd7 20. Rfe1 f6 21. Bc1 Rdf8 22. Bf5 Kb7 23. a4 a5 24. Ba3 Nxf5 25.
Qxf5 h5 26. Rb1 Kc7 27. Reb2 Rb8 28. Rb5 g4 29. Bc1 Rbg8 30. Ba3 Rg5 31. Qe6 Rh7 32. Bc1 Re7 33. Qxd6+ Kxd6 34. Rxb6+ Nxb6 35. Rxb6+ Kd7 36. Rxf6 f3 37. Bxg5 e4 38. Be3 Ke8 39. Bxc5 Rb7 40.
Rb6 Rc7 41. Rc6 Rb7 42. Bb6 e3 43. gxf3 gxf3 44. Bxe3 Rb2 45. Rg6 Re2 46. Bd4 Ra2 47. c5 Rxa4 48. c6 Rc4 49. Kf2 a4 50. Kxf3 a3 51. Rg8+ Ke7 52. Ra8 Kd6 53. Rxa3 Kxd5 54. Ra6 h4 55. Kg4 1-0

[Event "Late-Titled-Tuesday-Blitz-March-05-2024"]
[Site "Chess.com"]
[Date "2024.03.05"]
[Round "11"]
[White "Midgardsormur"]
[Black "BilicVladimir"]
[Result "0-1"]
[WhiteElo "2446"]
[BlackElo "2606"]
[TimeControl "180+1"]
[EndTime "16:03:49 PST"]
[Termination "BilicVladimir won on time"]

1. Nf3 d5 2. c4 Nf6 3. e3 e6 4. Nc3 Be7 5. b3 O-O 6. Bb2 b6 7. cxd5 exd5 8. d4 c6 9. Bd3 Ba6 10. O-O Bxd3 11. Qxd3 Nbd7 12. Rac1 Qc8 13. Ne5 Qb7 14. f4 Rac8 15. Rf3 Bb4 16. Rh3 Bxc3 17. Bxc3 Ne4 18. Be1 f6 19. Nf3 Rfe8 20. Nd2 Nxd2 21. Qxh7+ Kf7 22. Qh5+ Kg8 23. Bxd2 Nf8 24. g4 Qd7 25. Rg3 Qf7 26. Qh3 Re4 27. g5 f5 28.
Qg2 Rce8 29. Rxc6 Qd7 30. Rc1 Qb5 31. Qf1 Qd7 32. Qa6 Ng6 33. Qd3 Qe7 34. Rf1 Qa3 35. Qc2 Qa6 36. a4 Qe2 37. Rg2 Qh5 38. Bc1 Nh4 39. Rg3 Ng6 40. Qg2 Ne7 41. Rh3 Qg6 42. Rg3 Rc8 43. h4 Qh5 44. Rh3 Ng6 45. Qg3 Rc3 46.
Rh2 Rxb3 47. Qh3 Ne7 48. Qg2 Kf7 49. Qc2 Rb4 50. Ba3 Rc4 51. Qd2 Ng6 52. a5 b5 53.
Bc5 a6 54. Kh1 Ke6 55. Bb6 Ne7 56. Bc5 Nc6 57. Qe1 g6 58. Qd2 b4 59. Bb6 Rc3 60. Qa2 Rexe3 61. Qa4 Rh3 62. Rf2 Qxh4 63. Re2+ Kd7 0-1

[Event "Late-Titled-Tuesday-Blitz-March-05-2024"]
[Site "Chess.com"]
[Date "2024.03.05"]
[Round "11"]
[White "ChessSwole"]
[Black "Crazy_girl99"]
[Result "0-1"]
[WhiteElo "2720"]
[BlackElo "2598"]
[TimeControl "180+1"]
[EndTime "16:03:52 PST"]
[Termination "Crazy_girl99 won by resignation"]

1. d4 Nf6 2. c4 e6 3. Nc3 Bb4 4.
e3 O-O 5. Bd3 d5 6. Nf3 c5 7.
O-O Nc6 8. a3 Bxc3 9. bxc3 b6 10. cxd5 exd5 11. a4 Bg4 12. h3 Bh5 13. Ba3 Ne4 14.
Rc1 Re8 15. Be2 Rc8 16. dxc5 bxc5 17. c4 Bxf3 18. Bxf3 dxc4 19. Rxc4 Nd2 20. Rxc5 Nxf1 21. Qxf1 Ne5 22. Be4 Rxc5 23. Bxc5 Nd7 24. Bc6 Nxc5 25. Bxe8 Qxe8 26. a5 a6 27. Qc4 Qe7 28. Qd5 g6 29. h4 h5 30. g3 Kg7 31. Qd4+ Kh7 32.
Qd5 Ne4 33. Qc6 Qe6 34. Qb7 Nc3 35. Kh2 Qf6 36. Kg1 Nd1 37. Qg2 Qf5 38. Qf1 Nb2 39.
Qxa6 Nd3 40. f4 Qe4 41. Qa7 Kg7 42. a6 Nb4 43. Qb6 Qb1+ 44. Kg2 Qa2+ 45. Kh3 Nxa6 46. Qd4+ Kh7 47. f5 gxf5 48. Qd1 Qe6 49. Qxh5+ Kg7 50.
Qe2 Nc5 51. Qb2+ Kh7 52. Qc2 Ne4 53. Kh2 Qg6 54. Qg2 Qg4 55. Qg1 Qf3 56. Qe1 Nf2 57. Qg1 Ng4+ 58. Kh3 Qxe3 59. Qb1 Qe4 60. Qf1 Ne3 61.
Qe2 Qg4+ 62. Qxg4 fxg4+ 63. Kh2 Kg6 64. Kg1 Kf5 65. Kf2 Ke4 66. h5 Nf5 67. Kg2 Ke3 68. Kh2 Kf3 69. Kg1 Kxg3 70. h6 Nxh6 0-1

[Event "Late-Titled-Tuesday-Blitz-March-05-2024"]
[Site "Chess.com"]
[Date "2024.03.05"]
[Round "11"]
[White "vladoboch"]
[Black "VinzentSpitzl"]
[Result "1-0"]
[WhiteElo "2456"]
[BlackElo "2540"]
[TimeControl "180+1"]
[EndTime "16:03:58 PST"]
[Termination "vladoboch won on time"]

1. e4 c6 2. d4 d5 3. e5 c5 4. dxc5 e6 5. a3 Nc6 6. Nf3 Bxc5 7. b4 Bb6 8. Bb2 Nge7 9. Nbd2 Ng6 10. Bd3 Nf4 11.
g3 Nxd3+ 12. cxd3 Bd7 13. O-O O-O 14. Nb3 Rc8 15. Rc1 a6 16. Re1 Na7 17. Qd2 Qe7 18. Bd4 Bxd4 19. Nbxd4 Nb5 20. Nxb5 Bxb5 21. Nd4 Ba4 22.
Rxc8 Rxc8 23. Rc1 Qd7 24. Rc3 Rxc3 25. Qxc3 b6 26. h4 h6 27. Kg2 Kh7 28. g4 f6 29. Nf3 Kg6 30. h5+ Kf7 31. Qd4 Bd1 32.
exf6 gxf6 33. Qxb6 e5 34. Kg3 e4 35. dxe4 dxe4 36. Nh2 Qd3+ 37. Qe3 Qd6+ 38. Kg2 Qd5 39. Kg1 Kg7 40. Qa7+ Kg8 41. Qxa6 Bf3 42. Nxf3 exf3 43. Qf1 Qe4 44. Qh3 Qf4 45. Qg3 Qc1+ 46. Kh2 Qxa3 47. b5 Qb3 48. Qb8+ Kg7 49. Kg3 Qd5 50.
b6 Qd1 51. Qc7+ Kg8 52. b7 Qg1+ 53. Kxf3 Qh1+ 54. Ke2 Qe4+ 55. Kd2 Qd4+ 56. Kc2 Qe4+ 57.
Kb3 Qd5+ 58. Qc4 1-0

[Event "Late-Titled-Tuesday-Blitz-March-05-2024"]
[Site "Chess.com"]
[Date "2024.03.05"]
[Round "11"]
[White "ATM622"]
[Black "Mikhail_Golubev"]
[Result "0-1"]
[WhiteElo "2490"]
[BlackElo "2628"]
[TimeControl "180+1"]
[EndTime "16:04:14 PST"]
[Termination "Mikhail_Golubev won by checkmate"]

1. d4 Nf6 2. c4 d6 3. Nf3 g6 4. g3 Bg7 5. Bg2 O-O 6. O-O Nbd7 7.
Nc3 e5 8. dxe5 dxe5 9. e4 c6 10. Re1 Re8 11. Be3 Ng4 12. Bg5 Qb6 13. Qd2 h6 14. h3 Qxf2+ 15. Qxf2 Nxf2 16. Kxf2 hxg5 17. Nxg5 Nc5 18. Rad1 a5 19. g4 f6 20. Nf3 Be6 21. b3 Bh6 22. g5 fxg5 23. Nxe5 Bg7 24. Nd3 Bxc3 25. Nxc5 Bxe1+ 26. Kxe1 b6 27. Nb7 a4 28. Kf2 axb3 29. axb3 Ra2+ 30. Kg1 Rf8 31. Rd6 Rff2 32. Rxe6 Rxg2+ 33. Kh1 Rgb2 34. Rxg6+ Kf7 35. Rxg5 Rb1+ 36. Rg1 Rxb3 37. Nd6+ Ke6 38. Rg6+ Ke5 39. Nf7+ Kxe4 40. Rg4+ Kf5 41. Nd6+ Ke6 42. Rg6+ Kd7 43. Nf5 Rb1+ 44. Rg1 Rxg1+ 45. Kxg1 b5 46. cxb5 cxb5 47. Nd4 b4 48. Kf1 Ra3 49. Ke2 Rxh3 50. Kd2 Kd6 51. Kc2 Kc5 52. Nb3+ Kc4 53. Nd2+ Kb5 54. Kb2 Rh2 55.
Kc2 Ka4 56. Kd3 Rxd2+ 57. Kxd2 Kb3 58. Kc1 Ka2 59. Kc2 b3+ 60. Kc1 b2+ 61. Kd2 b1=Q 62.
Kc3 Qc1+ 63. Kd4 Kb2 64. Kd5 Qc3 65. Kd6 Qc4 66. Kd7 Qc5 67. Kd8 Qc6 68. Ke7 Qd5 69. Kf6 Qe4 70. Kg7 Qf5 71. Kg8 Qf6 72. Kh7 Kc3 73.
Kg8 Qe7 74. Kh8 Kd4 75. Kg8 Ke5 76. Kh8 Kf6 77. Kg8 Qg7# 0-1

[Event "Late-Titled-Tuesday-Blitz-March-05-2024"]
[Site "Chess.com"]
[Date "2024.03.05"]
[Round "11"]
[White "GilbertoHernandezAmura"]
[Black "jaskol95"]
[Result "1/2-1/2"]
[WhiteElo "2469"]
[BlackElo "2564"]
[TimeControl "180+1"]
[EndTime "16:04:23 PST"]
[Termination "Game drawn - insufficient material"]

1. c4 e5 2. g3 Nf6 3. Bg2 Nc6 4. Nc3 Bb4 5. Nd5 Bc5 6. e3 d6 7.
Ne2 Bg4 8. h3 Bh5 9. O-O Nxd5 10. cxd5 Ne7 11. b4 Bb6 12. Bb2 O-O 13. g4 Bg6 14. d4 e4 15. Nf4 Re8 16. Qc2 f5 17. gxf5 Bxf5 18. Bxe4 Bxe4 19. Qxe4 Ng6 20. Qf5 Nxf4 21.
Qxf4 Qd7 22. Qg4 Qxg4+ 23. hxg4 Re4 24. Kg2 Rxg4+ 25. Kf3 Rg5 26. a4 a5 27. Bc3 axb4 28. Bxb4 Rxd5 29. Rg1 g6 30. Ke4 Rf5 31. f4 d5+ 32. Kd3 c6 33. Bd6 Rc8 34. Rab1 Bc7 35. Be5 Bxe5 36. dxe5 Rf7 37. Kd4 Rd7 38. e6 Re7 39. f5 Kh8 40. fxg6 Rxe6 41. g7+ Kg8 42. Rxb7 Re4+ 43. Kc5 Rxa4 44. Rg3 Rc4+ 45. Kd6 Re4 46. Rd7 Ree8 47. Rc7 Rxc7 48. Kxc7 c5 49. Kd6 d4 50. exd4 cxd4 51. Kd5 Rd8+ 52. Ke4 Kf7 53. Kd3 h5 54. Rg1 Kg8 55. Rg5 h4 56. Rh5 Kxg7 57. Rxh4 Ra8 58. Rxd4 Kf6 59. Ke4 Re8+ 60. Kf4 Ra8 61. Rd6+ Ke7 62. Rb6 Ra4+ 63. Kf5 Kd7 64. Rb7+ Kd6 65.
Rb6+ Kd7 66. Rb7+ Kc6 67. Re7 Ra1 68. Re2 Kd5 69. Rd2+ Kc4 70. Ke4 Re1+ 71. Kf3 Re8 72. Rd6 Kc5 73. Rd7 Kc6 74. Rd1 Kc5 75. Rc1+ Kd4 76. Rd1+ Kc3 77. Rd7 Rf8+ 78. Ke4 Re8+ 79. Kd5 Re1 80. Rc7+ Kd3 81. Rd7 Rh1 82. Ke5+ Ke3 83.
Kd5 Rh5+ 84. Kc6 Rh6+ 85. Rd6 Rxd6+ 86. Kxd6 1/2-1/2

[Event "Late-Titled-Tuesday-Blitz-March-05-2024"]
[Site "Chess.com"]
[Date "2024.03.05"]
[Round "11"]
[White "Quattroporte300"]
[Black "fandebobbyfischer"]
[Result "0-1"]
[WhiteElo "2460"]
[BlackElo "2630"]
[TimeControl "180+1"]
[EndTime "16:04:29 PST"]
[Termination "fandebobbyfischer won by resignation"]

1. e4 e6 2. d4 d5 3. e5 c5 4.
c3 Nc6 5. Nf3 cxd4 6. cxd4 Qb6 7. Nc3 Nge7 8. Bd3 Bd7 9. Ne2 Nf5 10. Bxf5 Bb4+ 11. Bd2 exf5 12. O-O Be6 13. a3 Be7 14.
b4 O-O 15. Bg5 h6 16. Bxe7 Nxe7 17. Qd2 Rfc8 18. Rfc1 Rxc1+ 19. Rxc1 a5 20. g3 axb4 21. Qxb4 Qxb4 22. axb4 Ra2 23. Nf4 Rb2 24. Rc7 Nc6 25. Rxb7 Rxb4 26. Rc7 Rb1+ 27. Kg2 Na5 28. Rc5 Nb3 29.
Rb5 Nd2 30. Ra5 Ne4 31. Ra2 Rd1 32. h4 g5 33. Nxe6 fxe6 34. hxg5 hxg5 35. Ra8+ Kf7 36. Ra7+ Kf8 37. Ra8+ Ke7 38. Ra7+ Ke8 39. Rg7 g4 40. Ng5 Nxg5 41. Rxg5 Rxd4 42. Rg6 Kf7 43. Rf6+ Ke7 44. Rh6 Re4 45. f4 gxf3+ 46. Kxf3 Rxe5 47. Rh7+ Kd6 48. Ra7 Re4 49. Ra8 Ke5 50. Ra5 Rb4 51. Ra6 Rb3+ 52. Kf2 d4 53. Rc6 Kd5 54. Ra6 e5 55. Ra8 Ke4 56. Ra4 Rb2+ 57. Kf1 Ke3 58. Ra5 Ke4 59. Ra4 f4 60. g4 Ke3 61. g5 d3 62. g6 f3 63. Kg1 Rg2+ 64. Kh1 Rxg6 65. Ra1 d2 66.
Rf1 Ke2 67. Ra1 d1=Q+ 68. Rxd1 Kxd1 69. Kh2 f2 70. Kh3 f1=Q+ 0-1

[Event "Late-Titled-Tuesday-Blitz-March-05-2024"]
[Site "Chess.com"]
[Date "2024.03.05"]
[Round "11"]
[White "reevecanada"]
[Black "KNVB"]
[Result "0-1"]
[WhiteElo "2623"]
[BlackElo "2796"]
[TimeControl "180+1"]
[EndTime "16:04:30 PST"]
[Termination "KNVB won by checkmate"]

1. e4 b6 2. Bc4 Bb7 3. Nc3 e6 4.
d4 Bb4 5. f3 d5 6. exd5 Bxd5 7.
Bxd5 Bxc3+ 8. bxc3 Qxd5 9. Ne2 Nc6 10. O-O Nf6 11. Ba3 Na5 12. Qd3 Nc4 13. Nf4 Qc6 14. Bc1 O-O-O 15. Qe2 Nd5 16. Nxd5 exd5 17. Bf4 Rhe8 18.
Qd3 Qf6 19. Bd2 Qg6 20. Rf2 Re6 21. Bf4 Rde8 22. Raf1 Kb7 23. h3 a5 24. Kh2 Rf6 25. Bg3 Re3 26. Qxg6 Rxg6 27. Bf4 Rxc3 28. g4 Re6 29.
Kg3 Ra3 30. Ra1 Kc6 31. h4 b5 32. h5 b4 33. Bg5 Kb5 34. Bf4 c6 35. Kg2 Rc3 36. Kg3 Na3 37. Rc1 Ka4 38. g5 Nb5 39.
Be5 f6 40. h6 fxe5 41. hxg7 Rg6 42. Kg4 exd4 43. f4 Rxg7 44. f5 Nd6 45. f6 Rf7 46. Re1 Re3 47. Rh1 Re4+ 48. Kh5 Re5 49. Kh6 Nf5+ 50. Kh5 Ng3+ 51. Kh6 Nxh1 52. g6 hxg6 53.
Kxg6 Rf8 54. f7 Ng3 55. Kg7 Rxf7+ 56. Kxf7 Ne4 57. Rf4 Rf5+ 58. Rxf5 Nd6+ 59. Ke6 Nxf5 60. Kxf5 Ka3 61. Ke5 Kxa2 62. Kxd4 Kb2 63. Kd3 c5 64. Kd2 c4 65. Kd1 a4 66. Kd2 a3 67. Kd1 c3 68.
Ke2 Kxc2 69. Ke3 b3 70. Kd4 b2 71. Kxd5 a2 72. Kc5 a1=N 73. Kc6 b1=N 74. Kc7 Kb2 75.
Kc8 c2 76. Kb8 c1=N 77. Ka8 Nd3 78. Kb8 Nc3 79. Ka7 Ne4 80. Ka8 Kc3 81. Kb8 Kc4 82. Ka8 Kc5 83. Kb8 Kb6 84. Ka8 Nd6 85. Kb8 Nc2 86. Ka8 Nd4 87. Kb8 Nb2 88. Ka8 Na4 89.
Kb8 Nc3 90. Ka8 Nd5 91. Kb8 Ka6 92. Ka8 Kb5 93. Kb8 Ka5 94. Ka8 Ka6 95. Kb8 Nc6+ 96.
Ka8 Nb6# 0-1

[Event "Late-Titled-Tuesday-Blitz-March-05-2024"]
[Site "Chess.com"]
[Date "2024.03.05"]
[Round "11"]
[White "Kosak12"]
[Black "BogdanDeac"]
[Result "0-1"]
[WhiteElo "2803"]
[BlackElo "2961"]
[TimeControl "180+1"]
[EndTime "16:04:32 PST"]
[Termination "BogdanDeac won by resignation"]

1. d4 Nf6 2. c4 e6 3. Nf3 d5 4. g3 dxc4 5. Bg2 Nc6 6. O-O Rb8 7.
Bg5 Be7 8. e3 O-O 9. Nfd2 e5 10.
Nxc4 exd4 11. Bxc6 bxc6 12. Qxd4 Qxd4 13. exd4 Rd8 14.
Na5 Rb6 15. Nc3 Be6 16. Rab1 h6 17. Bf4 Rxd4 18. Be3 c5 19. Bxd4 cxd4 20. Ne2 c5 21.
b4 cxb4 22. Nxd4 Bxa2 23. Rb2 Bd5 24. Rc1 g6 25. f3 Bd6 26. Kf2 h5 27. Nc4 Bxc4 28.
Rxc4 a5 29. Rc6 Rxc6 30. Nxc6 Bc5+ 31. Ke2 Bb6 32. Ra2 Nd5 33. Kd3 b3 34. Ra3 a4 35.
Rxa4 b2 36. Kc2 b1=Q+ 37. Kxb1 Nc3+ 38. Kc2 Nxa4 39. Kb3 Nc5+ 40. Kc4 Ne6 41. Ne7+ Kf8 42. Nd5 Bd8 43. h3 Nc7 44. Ne3 Ne8 45. g4 Ng7 46. f4 hxg4 47. hxg4 Bc7 48. Nd5 Bb8 49. Kd4 Ne6+ 50.
Ke4 Kg7 51. f5 Ng5+ 52. Ke3 gxf5 53. gxf5 Nh7 54. Kf3 Nf6 55. Nb6 Bc7 56. Nc4 Kf8 57.
Ne3 Ke7 58. Nc2 Kd6 59. Kf4 Kd5+ 60. Kg5 Bd8 61. Kf4 Nd7 62. Ne3+ Kd6 63. Ng4 Kd5 64. Ne3+ Kd4 65. Ng4 f6 66. Nh6 Bc7+ 67. Kf3 Kd3 68. Ng8 Be5 69. Ne7 Kd4 70. Ng6 Kd5 71. Ne7+ Kd6 72.
Ng6 Nc5 73. Nh4 Kd5 74. Ng6 Nd3 75. Nh4 Nb4 76. Ng6 Nc6 77. Nh4 Nd4+ 78. Kg4 Ke4 0-1